Unix NetHack Version 5.0.0-0 post-release - last build Jun 10 2026 00:39:30 (3ee93aec679c4c4259841fe613dc97188e26a321,branch:main).

Game began 2026-06-13 08:12:52, ended 2026-06-13 20:51:32.

Doran, lawful male human Samurai

                          ------------------------
                          |..%.*..............^..|
                          |.-------------------..|
                          |.|        -----    |.----
                          |.|        |...--  --.|..|
                          |&|        |....|--|.....|
                          |.|        |....|..|...*.|
                          |/|        --......|....--
                          |.|------   |...|..)*...|
                          |.|.....|-- |.).|..|....|
                          |@|.....-?| |...|---....|
                          |a|....=|-| --..|.......|
                          |N!.$..$+.|  --.|....----
                          --|.[[..|-|   |.--.---
                            |.....-.|   |.*...|
                            |.....|--   |..|.>|
                            -------     -------

Doran the Ninja        St:25 Dx:14 Co:18 In:11 Wi:8 Ch:7  Lawful S:21419
Dlvl:2  $:4297 HP:0(80) Pw:46(46) AC:-2 Xp:9 T:10365  Burdened Hallu

Latest messages:
 You hit the horse!
 The horse kicks!
 The horse bites!
 The horse kicks!
 The horse bites!
 What do you want to wield? [- a-dguLRVWYZ or ?*] a
 You are already wielding that!
 You hit the horse!
 The horse kicks!
 The horse bites!
 You kill the horse!
 The pony misses!
 The pony misses!
 You hit the pony!
 The pony misses!
 The pony just misses!
 You see the cave spider hide under a ring.
 The winter wolf breathes frost!
 The pony is killed by the blast of frost!
 The blast of frost hits you!
 The wolf misses!
 You hit the wolf!
 The wolf bites!
 The wolf bites!
 You kill the wolf!
 The winter wolf breathes frost!
 The blast of frost hits it.
 The blast of frost hits you!
 One of your potions called water freezes and shatters!
 The blast of frost bounces!
 The blast of frost bounces!
 The blast of frost hits the white unicorn!
 It explodes!
 You are caught in a blast of kaleidoscopic light!
 You are freaked out.
 You hit the forest centaur!
 The amazon bites!
 What do you want to wield? [- a-dguLRVWYZ or ?*] a
 You are already wielding that!
 You hit the boor wight!
 The yellow light bites!
 You kill the silver dragon!
 You hit the quantum mechanic!
 The umbrella hulk bites!
 Are you sure you want to pray? [yn] (n) y
 You begin praying to Amaterasu Omikami.
 The winter wolf cub bites!
 You die...
 Do you want your possessions identified? [ynq] (y) y
 Do you want to see your attributes? [ynq] (y) q

Inventory:
 Coins    ('$')
  $ - 4297 gold pieces
 Amulets  ('"')
  T - an uncursed amulet of magical breathing
  G - an uncursed amulet versus poison
 Weapons  (')')
  L - 4 blessed +3 arrows
  u - 31 blessed +2 arrows
  Z - 12 blessed +1 arrows
  Y - 9 blessed +0 arrows
  W - 14 +0 arrows
  V - 5 -1 elven arrows
  d - 16 +0 ya (in quiver)
  c - a +0 yumi
  g - a +0 elven dagger
  a - a corroded +1 katana (weapon in right hand)
  b - a +0 wakizashi
 Armor    ('[')
  B - an uncursed +0 pair of gauntlets of power (being worn)
  e - an uncursed rustproof +2 splint mail (being worn)
 Comestibles  ('%')
  q - 4 uncursed gunyoki
  S - an uncursed lembas wafer
  U - an uncursed lizard corpse
 Scrolls  ('?')
  P - 7 uncursed scrolls of blank paper
  r - an uncursed scroll of destroy armor
  C - an uncursed scroll of earth
  k - an uncursed scroll of gold detection
  F - an uncursed scroll of light
  E - an uncursed scroll of punishment
  v - an uncursed scroll of remove curse
 Spellbooks  ('+')
  w - an uncursed spellbook of cancellation
 Potions  ('!')
  o - 4 potions of holy water
 Rings    ('=')
  y - an uncursed +3 ring of adornment
  m - an uncursed ring of free action
  p - an uncursed +3 ring of gain constitution
  h - an uncursed ring of invisibility
  H - an uncursed ring of poison resistance
  K - an uncursed +1 ring of protection
  A - an uncursed ring of protection from shape changers
  i - an uncursed ring of shock resistance
  x - an uncursed ring of shock resistance
  t - an uncursed ring of warning
 Wands    ('/')
  D - a wand of cancellation (0:6)
  J - a wand of cancellation (0:4)
  s - a wand of cold (0:7)
  N - a wand of create monster (0:13)
  f - a wand of fire (0:5)
  O - a wand of make invisible (0:5)
  I - a wand of make invisible (0:4)
  n - a wand of probing (0:5)
  j - a wand of speed monster (0:5)
 Tools    ('(')
  R - a +0 pick-axe
  z - an uncursed skeleton key
  l - an uncursed stethoscope
 Gems/Stones  ('*')
  M - an uncursed citrine stone
  X - an uncursed worthless piece of violet glass

Doran the Samurai's attributes:

Background:
 You were a Ninja, a level 9 male human Samurai.
 You were lawful, on a mission for Amaterasu Omikami
 who was opposed by Raijin (neutral) and Susanowo (chaotic).
 You were right-handed.
 You were in Sokoban, on level 2.
 You entered the dungeon 10365 turns ago.
 You had 4264 experience points, 856 more were needed to attain level 10.
 Your score was 21419 before end-of-game adjustments.

Basics:
 You had 0 out of 80 hit points.
 You had all 46 energy points (spell power).
 Your armor class was -2.
 Your wallet contained 4297 quatloos.
 Autopickup was on for '$"?/=+!*' plus thrown, with exceptions.

Final Characteristics:
 Your strength was 25 (base:14, peak:17, innate limit:18/100).
 Your dexterity was 14 (peak:15, limit:18).
 Your constitution was 18 (limit:18).
 Your intelligence was 11 (limit:18).
 Your wisdom was 8 (limit:18).
 Your charisma was 7 (limit:18).

Final Status:
 You were hallucinating.
 You weren't hungry.
 You were burdened; movement was slightly slowed.
 You were wielding a long sword.
 You had expert skill with long sword.

Final Attributes:
 You were piously aligned.
 You were telepathic.
 You had a small defense bonus (+3).
 You were warded.
 Your spell casting was impaired by metallic armor.
 You were fast.
 You were unlucky.
 You are dead.

Miscellaneous:
 You didn't encounter any bones levels.
 Total elapsed playing time was 1 hour, 51 minutes and 48 seconds.

Major events:
 Turn
    1: Doran the lawful male human Samurai entered the dungeon
  842: attained the rank of Ronin (level 3)
 1188: entered the Gnomish Mines
 2631: reached Mine Town
 2638: attained the rank of Ninja (level 6)
 6641: entered Sokoban
 7276: completed 1st Sokoban level
 8071: completed 2nd Sokoban level
 9144: completed 3rd Sokoban level
10298: completed 4th Sokoban level
10365: killed by a hallucinogen-distorted warg, while praying

Spells:
 Name                 Level Category     Fail Retention
 slow monster           2   enchantment  100%  76%-100%

Skills:
 Fighting Skills
   martial arts      [Basic]
   two weapon combat [Unskilled]
   riding            [Unskilled]
 Weapon Skills
   dagger            [Unskilled]
   knife             [Unskilled]
   short sword       [Basic]
   broadsword        [Unskilled]
   long sword        [Expert]
   two-handed sword  [Unskilled]
   saber             [Unskilled]
   flail             [Unskilled]
   quarterstaff      [Unskilled]
   polearms          [Unskilled]
   spear             [Unskilled]
   lance             [Unskilled]
   bow               [Basic]
   shuriken          [Unskilled]
 Spellcasting Skills
   attack spells     [Unskilled]
   divination spells [Unskilled]
   clerical spells   [Unskilled]

Voluntary challenges:
 Character rerolling was not enabled.
 You never genocided any monsters.
 You never polymorphed an object.
 You never changed form.
 You used no wishes.
 You violated the special Sokoban rules 7 times.
Achievements:
 You entered a shop.
 You attained the rank of Ronin.
 You entered the Gnomish Mines.
 You entered Minetown.
 You attained the rank of Ninja.
 You entered a temple.
 You entered Sokoban.

 The Dungeons of Doom: levels 1 to 7
    Level 1:
    Level 2:
    Level 3: "vault"
       A food shop.
    Level 4:
       Stairs down to The Gnomish Mines.
    Level 5:
       Many fountains.
       Oracle of Delphi.
    Level 6:
       An altar to Amaterasu Omikami.
       Stairs up to Sokoban, level 5.
    Level 7:
 The Gnomish Mines: levels 5 to 9
    Level 5:
    Level 6:
    Level 7: "extra GoP south of altar"
       Many shops, a temple and an altar, some fountains.
    Level 8: "big gem pile"
    Level 9:
 Sokoban: levels 5 up to 2
    Level 2: <- You were here.
       Solved.
       Final resting place for
          you, killed by a hallucinogen-distorted warg, while praying.
    Level 3:
       Solved.
    Level 4:
       Solved.
    Level 5:
       Solved.


Vanquished creatures:
  2 giant mimics
  2 winter wolves
 an ochre jelly
 an elf mummy
  a human mummy
  a carnivorous ape
  2 chameleons
  2 crocodiles
  3 cockatrices
  5 wolves
  a winter wolf cub
  a lynx
  2 leprechauns
 an iron piercer
  2 giant spiders
  3 horses
  a baby long worm
  2 black lights
  a gnome ruler
 an orc mummy
  a brown pudding
  a werewolf
  3 Green-elves
  a lizard
  a jaguar
  a dwarf leader
  a blue jelly
  2 dust vortices
  a raven
  4 water moccasins
  8 apes
  5 human zombies
  3 Woodland-elves
  a soldier ant
  a bugbear
 an imp
  2 wood nymphs
  a water nymph
  4 Uruk-hai
  a rock piercer
  2 rock moles
  2 ponies
  a fog cloud
  a yellow light
  2 violet fungi
  7 gnome leaders
  3 gnomish wizards
  a kobold mummy
  a red naga hatchling
  2 elf zombies
  2 straw golems
  2 paper golems
  6 giant ants
  2 little dogs
  5 floating eyes
  a dwarf
  a homunculus
  a kobold leader
  2 hill orcs
  4 rothes
  2 rabid rats
  a centipede
  2 orc zombies
  a werejackal
  2 iguanas
  4 killer bees
 an acid blob
  3 gas spores
 14 manes
  3 hobgoblins
  2 giant rats
  2 cave spiders
  3 yellow molds
  a green mold
 36 gnomes
  a gnome zombie
  7 geckos
 16 jackals
  4 kobolds
  3 goblins
  3 sewer rats
  5 grid bugs
  6 lichens
  3 kobold zombies
 13 newts
264 creatures vanquished.

No species were genocided or became extinct.

Game over:
                       ----------
                      /          \
                     /    REST    \
                    /      IN      \
                   /     PEACE      \
                  /                  \
                  |      Doran       |
                  |     4297 Au      |
                  |   killed by a    |
                  | hallucinogen-dis |
                  |   torted warg    |
                  |                  |
                  |       2026       |
                 *|     *  *  *      | *
        _________)/\\_//(\/(/\)/\//\/|_)_______

Sayonara Doran the Samurai...

You died in Sokoban on dungeon level 2 with 20990 points,
and 4297 pieces of gold, after 10365 moves.
You were level 9 with a maximum of 80 hit points when you died.

